 Dungeon Crawl Stone Soup version 0.20.1-1-g8b1a95d (webtiles) character file.

62582 raph the Fencer (level 14, -30/124 HPs)
             Began as a Minotaur Gladiator on Nov 9, 2017.
             Was the Champion of Yredelemnul.
             Killed from afar by a frost giant (55 damage)
             ... with a bolt of cold
             ... in an ice cave on Nov 10, 2017.
             The game lasted 01:35:52 (21590 turns).

raph the Fencer (Minotaur Gladiator)               Turns: 21590, Time: 01:35:52

Health: -30/124    AC: 19    Str: 25    XL:     14   Next: 64%
Magic:  0/20       EV: 17    Int:  5    God:    Yredelemnul [******]
Gold:   624        SH:  8    Dex: 18    Spells: 12/13 levels left

rFire    . . .     SeeInvis .   a - +6 scimitar
rCold    . . .     Gourm    .   O - +1 buckler
rNeg     . . .     Faith    .   X - +3 chain mail
rPois    .         Spirit   +   c - +1 hat
rElec    .         Reflect  .   N - +0 cloak
rCorr    .         Harm     .   (no gloves)
MR       ++...                  M - +1 pair of boots
Stlth    ..........             j - amulet of guardian spirit
Regen    0.3/turn               e - ring of the Crown {MR+ Dex+2}
MPRegen  0.2/turn               x - +1 ring of evasion

@: mighty
A: retaliatory headbutt, horns 2
a: Recall Undead Slaves, Injury Mirror, Animate Dead, Drain Life, Enslave Soul,
Renounce Religion


You were in an ice cave.
You worshipped Yredelemnul.
Yredelemnul was exalted by your worship.
You were not hungry.

You visited 3 branches of the dungeon, and saw 19 of its levels.
You also visited: Ossuary and Ice Cave.

You collected 1201 gold pieces.
You spent 577 gold pieces at shops.

Inventory:

Hand Weapons
 a - a +6 scimitar (weapon)
 b - the +3 dagger "Ocudag Ziym" {venom, Str+3 Dex+6 Stlth-}
   (You found it on level 4 of the Dungeon)

   It poisons the flesh of those it strikes.
   It affects your strength (+3).
   It affects your dexterity (+6).
   It makes you less stealthy.
 G - a +0 blowgun
Missiles
 d - 6 throwing nets
 y - 7 needles of sleeping
 B - 4 javelins of penetration (quivered)
 K - 12 curare-tipped needles
Armour
 c - a +1 hat (worn)
 A - a +1 chain mail of fire resistance
 M - a +1 pair of boots (worn)
 N - a +0 cloak (worn)
 O - a +1 buckler (worn)
 X - a +3 chain mail (worn)
Magical Staves
 n - an uncursed staff of earth
Jewellery
 e - the ring of the Crown (left hand) {MR+ Dex+2}
   (You found it on level 5 of the Lair of Beasts)

   [ring of protection from magic]

   It affects your dexterity (+2).
   It affects your resistance to hostile enchantments.
 j - an amulet of guardian spirit (around neck)
 x - a +1 ring of evasion (right hand)
 V - an uncursed ring of fire
 Y - an uncursed ring of protection from cold
Wands
 r - a wand of lightning (4/15)
 w - a wand of iceblast (4/15)
 z - a wand of iceblast (10/15)
 Q - a wand of confusion (36/48)
 W - a wand of iceblast (6/15)
Scrolls
 k - 6 scrolls of remove curse
 m - 3 scrolls of magic mapping
 o - 7 scrolls of identify
 s - 3 scrolls of fog
 H - 2 scrolls of blinking
 I - 3 scrolls of teleportation
 J - 3 scrolls of recharging
Potions
 h - 5 potions of brilliance
 i - 4 potions of invisibility
 l - 3 potions of might
 p - 11 potions of heal wounds
 q - 7 potions of curing
 u - 6 potions of agility
 v - 5 potions of flight
 C - 8 potions of haste
 R - 2 potions of cancellation
 S - 2 potions of berserk rage
Miscellaneous
 D - a phial of floods
Comestibles
 f - 5 bread rations
 t - 15 royal jellies
 F - 7 fruits


   Skills:
 + Level 11.2 Fighting
 * Level 16.6 Long Blades
 - Level 6.0 Throwing
 + Level 10.9 Armour
 + Level 10.6 Dodging
 + Level 10.0 Shields
 + Level 10.5 Invocations
 + Level 3.9 Evocations


You had 12 spell levels left.
You knew the following spells:

 Your Spells              Type           Power        Failure   Level  Hunger
a - Corona                Hex            #......      95%         1    ##.....


Dungeon Overview and Level Annotations

Branches:
Dungeon (12/15)            Temple (0/1) D:5            Lair (6/6) D:11
 Shoals (0/4) Lair:3       Spider (0/4) Lair:2        Slime (0/5) Lair:5
    Orc (1/2) D:12

Altars:
Elyvilon
Fedhas
Gozag
Hepliaklqana
Okawaru
Qazlal
Ru
Trog
Uskayaw
Vehumet
Xom
Yredelemnul
Zin
Jiyva

Shops:
D:4 :!!   D:10 !   D:12 }

Annotations:
D:3 seb29deBrest's ghost, amateur GrEE
D:5 exclusion: statue


Innate Abilities, Weirdness & Mutations

You reflexively headbutt those who attack you in melee.
You have a pair of horns on your head.


Message History

The polar bear completely misses you. You block the polar bear's attack.
The frost giant hits you with a battleaxe of freezing!!
The frost giant freezes you.
You hit the frost giant but do no damage.
The frost giant is moderately wounded.
The polar bear goes berserk!
Unknown command.
You slice the frost giant!! You headbutt the frost giant!
The frost giant is severely wounded.
You block the polar bear's attack. x2; The polar bear claws you.
The frost giant points at you and mumbles some strange words.
The bolt of cold hits you!
* * * LOW HITPOINT WARNING * * *
You slice the polar bear!!
You kill the polar bear!
Yredelemnul accepts your kill.
The frost giant gestures at you while chanting.
The bolt of cold hits you!
You die...
Your body rises from the dead as a mindless zombie.

#.#.##
##Z###
#Z##
#Z##
#ZZ#
##Z#
##V#
#V##
#@#
#†C#
##YY#


hhY# #.... ....# #..## ..# You could see a frost giant, 2 polar bears, 3 yaks, a
friendly vampire knight, a friendly vampire, a friendly death yak zombie and a
friendly polar bear zombie.

Vanquished Creatures
  Harold (Lair:4)
  2 catoblepae
  3 hydras
  6 two-headed ogres
  10 death yaks
  Sonja (Lair:4)
  A necromancer (Lair:2)
  An oklob plant (Lair:5)
  A cyclops (D:12)
  2 ugly things (D:11)
  4 elephants
  3 black mambas
  5 spiny frogs
  A rime drake (Lair:2)
  3 komodo dragons
  A queen bee (D:10)
  10 polar bears
  4 dream sheep (Lair:5)
  2 slime creatures (D:12)
  4 blink frogs
  8 hippogriffs
  3 flying skulls (Lair:2)
  A shadow (D:12)
  A wyvern (Lair:4)
  2 hungry ghosts
  46 yaks
  A warg (Orc:1)
  4 swamp worms (Lair:5)
  8 water moccasins
  3 porcupines (Lair:1)
  2 hornet zombies (D:10)
  4 ice beasts
  5 orc warriors
  A phantom (D:5)
  An eye of draining (D:10)
  4 ogres
  A necrophage (D:9)
  19 wolves
  8 centaurs
  10 crocodiles
  An elf zombie (Ossuary)
  A big kobold (D:12)
  13 bullfrogs
  3 scorpions
  18 killer bees
  9 wights
  3 howler monkeys
  5 crimson imps
  2 bullfrog zombies
  3 centaur zombies
  2 jellies
  A quasit (D:12)
  10 hounds
  11 orc priests
  4 bullfrog skeletons
  A human zombie (Ossuary)
  Crazy Yiuf (D:7)
  12 orc wizards
  3 worker ants (D:4)
  5 iguanas
  2 polar bear simulacra (Lair:2)
  A yak simulacrum (Lair:2)
  5 wolf simulacra (Lair:2)
  A big kobold zombie (Ossuary)
  A hound zombie (D:11)
  A hound skeleton (D:5)
  A mummy (Ossuary)
  3 worker ant zombies
  12 gnolls
  9 adders
  4 shadow imps
  3 oozes
  2 adder zombies (Ossuary)
  An adder skeleton (D:4)
  8 worms
  3 dart slugs
  6 leopard geckos
  48 orcs
  4 ball pythons
  6 bats
  5 giant cockroaches
  5 goblins
  4 hobgoblins
  7 jackals
  7 kobolds
  3 quokkas
  14 frilled lizards
  A goblin zombie (Ossuary)
  9 hobgoblin zombies (Ossuary)
  2 jackal skeletons (D:5)
  A jackal zombie (Ossuary)
  6 kobold zombies (Ossuary)
  A leopard gecko skeleton (D:4)
  A leopard gecko zombie (D:5)
  8 orc zombies (Ossuary)
  A quokka skeleton (D:4)
  A quokka zombie (D:6)
  8 rats
  2 rat zombies
512 creatures vanquished.

Vanquished Creatures (collateral kills)
  Gastronok (Lair:2)
  Fannar (Lair:1)
  3 hydras (Lair:2)
  The ghost of Frank the Carver, a journeyman OpFi of Dithmenos (Orc:1)
  2 two-headed ogres
  8 death yaks
  A deep troll shaman (Lair:6)
  2 ugly things (D:11)
  An orc sorcerer (Orc:1)
  An elephant (Lair:6)
  3 black mambas
  Psyche (D:12)
  A torpor snail (Lair:3)
  2 spiny frogs
  A komodo dragon (Lair:2)
  5 polar bears
  Prince Ribbit (D:8)
  6 hippogriffs
  7 blink frogs
  3 slime creatures (D:12)
  25 yaks
  2 hungry ghosts
  2 basilisks
  A warg (Orc:1)
  5 swamp worms (Lair:5)
  7 water moccasins
  4 porcupines
  6 orc warriors
  A hornet zombie (D:9)
  An ice beast (D:7)
  A sky beast (D:11)
  A black bear (D:10)
  2 ogres
  4 centaurs
  An eye of draining (D:11)
  12 wolves
  3 crocodiles
  5 bullfrogs
  A scorpion (D:10)
  3 wights (D:7)
  6 killer bees
  A crimson imp (D:11)
  3 orc priests
  6 orc wizards
  2 worker ants
  A yak simulacrum (Lair:2)
  A hound skeleton (D:7)
  A mummy (Ossuary)
  A howler monkey zombie (D:7)
  4 worms (Lair:5)
  3 leopard geckos
  17 orcs
  A bat (D:3)
  2 giant cockroaches (D:5)
  3 jackals
  A hobgoblin zombie (Ossuary)
  A kobold (D:12)
  2 kobold zombies (Ossuary)
  An orc zombie (Ossuary)
  A rat (D:2)
  2 river rat simulacra (Lair:2)
  A bush (D:5)
  31 fungi
  18 plants
248 creatures vanquished.

Vanquished Creatures (others)
  A skeletal warrior (Lair:3)
  A swamp worm zombie (Lair:5)
  A spiny frog (Lair:4)
  A minotaur skeleton (Lair:6)
  8 flying skulls
  2 vampires
  A black mamba zombie (Lair:5)
  A wraith (Lair:3)
  2 spiny frog zombies (Lair:3)
  2 wolves (IceCv)
  An elephant zombie (Lair:6)
  A torpor snail zombie (Lair:3)
  4 hippogriff zombies
  3 elf skeletons (Lair:6)
  4 water moccasin zombies
  6 yak zombies
  2 polar bear zombies
  3 wolf zombies
  A bullfrog zombie (D:10)
  A centaur zombie (D:5)
  A bullfrog skeleton (D:3)
  A centaur skeleton (D:5)
  5 human skeletons (Lair:6)
  A porcupine zombie (Lair:2)
  4 killer bee zombies (D:10)
  A dwarf skeleton (Lair:6)
  A crocodile skeleton (Lair:4)
  A hound zombie (D:10)
  A mummy (D:6)
  An adder (D:5)
  6 worm zombies (Lair:5)
  A gnoll zombie (D:4)
  A frilled lizard zombie (D:3)
  A goblin zombie (D:3)
  2 kobold zombies
  A leopard gecko skeleton (D:10)
  11 orc zombies
  11 fungi
  8 plants
105 creatures vanquished.

Grand Total: 865 creatures vanquished

Notes
Turn   | Place    | Note
-------+----------+-------------------------------------------
     0 | D:1      | raph the Minotaur Gladiator began the quest for the Orb.
     0 | D:1      | Reached XP level 1. HP: 18/18 MP: 0/0
    68 | D:1      | Reached XP level 2. HP: 15/25 MP: 1/1
    70 | D:1      | Reached skill level 4 in Long Blades
   373 | D:1      | Reached XP level 3. HP: 24/30 MP: 2/2
   819 | D:2      | Reached skill level 1 in Armour
   911 | D:2      | Found a faded altar of an unknown god.
   918 | D:2      | Became a worshipper of Yredelemnul the Dark
   918 | D:2      | Reached * piety under Yredelemnul
  1153 | D:2      | Reached XP level 4. HP: 37/37 MP: 3/3
  1721 | D:3      | Reached skill level 5 in Long Blades
  1829 | D:3      | Found a hazy altar of Hepliaklqana.
  1883 | D:3      | Noticed seb29deBrest's ghost (amateur GrEE)
  2016 | D:3      | Noticed a bullfrog
  2023 | D:3      | Killed a bullfrog
  2023 | D:3      | Reached skill level 1 in Invocations
  2023 | D:3      | Reached XP level 5. HP: 45/45 MP: 4/4
  2204 | D:4      | Found Bamim's Distillery.
  2224 | D:4      | Reached ** piety under Yredelemnul
  2232 | D:4      | Reached XP level 6. HP: 19/51 MP: 2/6
  2561 | D:4      | Bought a potion of curing for 42 gold pieces
  2561 | D:4      | Bought a potion of might for 56 gold pieces
  2561 | D:4      | Bought a potion of flight for 42 gold pieces
  2699 | D:4      | Reached skill level 6 in Long Blades
  2873 | D:4      | Found Hutiamev's Book Boutique.
  3009 | D:4      | Got an iridescent dagger
  3010 | D:4      | Identified the +3 dagger "Ocudag Ziym" {venom, Str+3 Dex+6 Stlth-} (You found it on level 4 of the Dungeon)
  3028 | D:4      | Found a blossoming altar of Fedhas.
  3042 | D:4      | Reached skill level 7 in Long Blades
  3348 | D:4      | Found an iron altar of Okawaru.
  3354 | D:4      | Reached XP level 7. HP: 47/57 MP: 5/8
  3499 | D:4      | Found a bloodstained altar of Trog.
  3524 | D:4      | Found Desacui's Distillery.
  3532 | D:4      | Bought a potion of heal wounds for 65 gold pieces
  3916 | D:5      | Entered Level 5 of the Dungeon
  3934 | D:5      | Found a staircase to the Ecumenical Temple.
  3963 | D:5      | Reached skill level 8 in Long Blades
  4130 | D:5      | Found a sacrificial altar of Ru.
  4198 | D:5      | Reached skill level 9 in Long Blades
  4200 | D:5      | Reached XP level 8. HP: 56/64 MP: 8/10
  4367 | D:5      | Reached *** piety under Yredelemnul
  4422 | D:5      | Found a radiant altar of Vehumet.
  4518 | D:5      | Learned a level 1 spell: Corona
  4565 | D:5      | Found a stormy altar of Qazlal.
  5085 | D:3      | Found a glowing silver altar of Zin.
  5481 | D:6      | Found a sand-covered staircase.
  5526 | Ossuary  | Entered an ossuary
  5572 | Ossuary  | Received a gift from Yredelemnul (a mummy)
  5687 | Ossuary  | Reached skill level 5 in Invocations
  5689 | Ossuary  | Reached **** piety under Yredelemnul
  5689 | Ossuary  | Reached skill level 10 in Long Blades
  6188 | D:6      | Found a white marble altar of Elyvilon.
  6343 | D:6      | Reached skill level 5 in Fighting
  6452 | D:6      | Received a gift from Yredelemnul (5 flying skulls)
  6479 | D:6      | Reached skill level 5 in Dodging
  6721 | D:7      | Found a hide-covered altar of Uskayaw.
  6746 | D:7      | Reached XP level 9. HP: 74/74 MP: 12/12
  6881 | D:7      | Received a gift from Yredelemnul (a wraith)
  7145 | D:7      | Reached skill level 11 in Long Blades
  7148 | D:7      | Received a gift from Yredelemnul (a wraith)
  7499 | D:7      | Found a runed door.
  7503 | D:7      | Noticed Crazy Yiuf
  7507 | D:7      | Killed Crazy Yiuf
  7922 | D:8      | Received a gift from Yredelemnul (a flying skull)
  8116 | D:8      | Reached skill level 1 in Shields
  8291 | D:8      | Noticed a two-headed ogre
  8304 | D:8      | Killed a two-headed ogre
  8306 | D:8      | Reached skill level 5 in Armour
  8306 | D:8      | Reached XP level 10. HP: 51/84 MP: 8/13
  8498 | D:8      | Noticed Prince Ribbit
  8504 | D:8      | Received a gift from Yredelemnul (a wight)
  8508 | D:8      | Killed Prince Ribbit
  8623 | D:9      | Found a shimmering altar of Xom.
  8623 | D:9      | Found a shimmering altar of Xom.
  8623 | D:9      | Found a shimmering altar of Xom.
  8623 | D:9      | Found a shimmering altar of Xom.
  8625 | D:9      | Found a shimmering altar of Xom.
  8626 | D:9      | Found a shimmering altar of Xom.
  8654 | D:9      | Noticed a two-headed ogre
  8662 | D:9      | Killed a two-headed ogre
  8662 | D:9      | Reached skill level 12 in Long Blades
  8756 | D:9      | Noticed a two-headed ogre
  8764 | D:9      | Killed a two-headed ogre
  9196 | D:9      | Noticed a spiny frog
  9196 | D:9      | a golden eye changed into a spiny frog
  9198 | D:9      | a spiny frog changed into a soldier ant
  9231 | D:9      | Found an opulent altar of Gozag.
  9272 | D:9      | Noticed a mana viper
  9363 | D:10     | Entered Level 10 of the Dungeon
  9364 | D:10     | Reached ***** piety under Yredelemnul
  9614 | D:10     | Noticed a two-headed ogre
  9629 | D:10     | Killed a two-headed ogre
  9671 | D:10     | Reached XP level 11. HP: 76/92 MP: 15/15
  9831 | D:10     | Found Nuzuawk's Distillery.
  9834 | D:10     | Bought 2 potions of cancellation for 192 gold pieces
  9834 | D:10     | Bought a potion of heal wounds for 60 gold pieces
  9834 | D:10     | Bought a potion of haste for 120 gold pieces
  9863 | D:10     | Noticed a two-headed ogre
  9879 | D:10     | Killed a two-headed ogre
  9879 | D:10     | Reached skill level 13 in Long Blades
 10100 | D:10     | Reached skill level 5 in Shields
 10100 | D:10     | Received a gift from Yredelemnul (a vampire)
 10359 | D:10     | Received a gift from Yredelemnul (a vampire)
 10568 | D:11     | Received a gift from Yredelemnul (5 flying skulls)
 10831 | D:11     | Found a staircase to the Lair.
 10899 | D:11     | Noticed a two-headed ogre
 10907 | D:11     | Killed a two-headed ogre
 10921 | D:11     | Received a gift from Yredelemnul (a wraith)
 11020 | D:11     | Noticed a red ugly thing
 11020 | D:11     | Noticed a purple ugly thing
 11024 | D:11     | Noticed a green ugly thing
 11028 | D:11     | Killed a purple ugly thing
 11034 | D:11     | Killed a green ugly thing
 11034 | D:11     | Killed a red ugly thing
 11162 | D:11     | Noticed a purple ugly thing
 11168 | D:11     | Killed a purple ugly thing
 11602 | Lair:1   | Entered Level 1 of the Lair of Beasts
 11602 | Lair:1   | Noticed Fannar
 11630 | Lair:1   | Killed Fannar
 11707 | Lair:1   | Received a gift from Yredelemnul (3 flying skulls)
 11856 | Lair:1   | Reached XP level 12. HP: 103/103 MP: 17/17
 11971 | Lair:1   | Reached skill level 14 in Long Blades
 12575 | Lair:2   | Found a hole to the Spider Nest.
 12904 | Lair:2   | Received a gift from Yredelemnul (a skeletal warrior)
 12927 | Lair:2   | Noticed a seven-headed hydra
 12938 | Lair:2   | Killed a seven-headed hydra
 12940 | Lair:2   | Noticed a five-headed hydra
 12943 | Lair:2   | Noticed a seven-headed hydra
 12948 | Lair:2   | Killed a five-headed hydra
 12950 | Lair:2   | Killed a seven-headed hydra
 13058 | Lair:2   | Noticed Gastronok
 13068 | Lair:2   | Killed Gastronok
 13391 | Lair:3   | Noticed a death yak
 13401 | Lair:3   | Noticed a death yak
 14135 | Lair:3   | Noticed a death yak
 14135 | Lair:3   | Noticed a death yak
 14136 | Lair:3   | Noticed a death yak
 14136 | Lair:3   | Noticed a death yak
 14137 | Lair:3   | Noticed a death yak
 14143 | Lair:3   | Killed a death yak
 14143 | Lair:3   | Reached skill level 5 in Throwing
 14145 | Lair:3   | Killed a death yak
 14150 | Lair:3   | Killed a death yak
 14158 | Lair:3   | Killed a death yak
 14167 | Lair:3   | Killed a death yak
 14462 | Lair:2   | Noticed a seven-headed hydra
 14470 | Lair:2   | Killed a seven-headed hydra
 14470 | Lair:2   | Reached XP level 13. HP: 75/113 MP: 13/18
 14471 | Lair:2   | Received a gift from Yredelemnul (a wraith)
 14760 | Lair:3   | Reached skill level 10 in Fighting
 14760 | Lair:3   | Reached skill level 15 in Long Blades
 14856 | Lair:3   | Received a gift from Yredelemnul (a skeletal warrior)
 15551 | Lair:3   | Found a staircase to the Shoals.
 16162 | Lair:4   | Noticed Sonja
 16220 | Lair:4   | Noticed Harold
 16232 | Lair:4   | Killed Harold
 16343 | Lair:4   | Killed Sonja
 16343 | Lair:4   | Reached skill level 1 in Evocations
 16888 | Lair:4   | Got a diamond-encrusted plate armour
 16917 | Lair:4   | Identified the cursed +0 plate armour of Patterns {+Blink rF- MR- Dex+4} (You found it on level 4 of the Lair of Beasts)
 17363 | Lair:5   | Received a gift from Yredelemnul (a vampire)
 17528 | Lair:5   | Reached skill level 10 in Armour
 17532 | Lair:5   | Reached ****** piety under Yredelemnul
 17682 | Lair:5   | Found a staircase to the Slime Pits.
 17682 | Lair:5   | Found a viscous altar of Jiyva.
 18030 | Lair:5   | Received a gift from Yredelemnul (a vampire)
 18280 | Lair:5   | Got a sparkling glass ring
 18282 | Lair:5   | Identified the ring of the Crown {MR+ Dex+2} (You found it on level 5 of the Lair of Beasts)
 18579 | Lair:6   | Entered Level 6 of the Lair of Beasts
 18701 | Lair:6   | Reached skill level 10 in Dodging
 18715 | Lair:6   | Reached skill level 10 in Invocations
 18716 | Lair:6   | Received a gift from Yredelemnul (a ghoul)
 18720 | Lair:6   | Reached skill level 16 in Long Blades
 18735 | Lair:6   | Reached XP level 14. HP: 75/122 MP: 5/20
 19242 | Lair:6   | Received a gift from Yredelemnul (a ghoul)
 19723 | D:12     | Received a gift from Yredelemnul (a ghoul)
 19726 | D:12     | Found Jasashri's Gadget Shoppe.
 19758 | D:12     | Found a staircase to the Orcish Mines.
 19850 | D:12     | Received a gift from Yredelemnul (a phantasmal warrior)
 20140 | D:12     | Noticed Psyche
 20149 | D:12     | Killed Psyche
 20564 | Orc:1    | Entered Level 1 of the Orcish Mines
 20564 | Orc:1    | Noticed Frank's ghost (journeyman OpFi)
 20569 | Orc:1    | Killed Frank's ghost
 20570 | Orc:1    | Noticed Urug
 20695 | Orc:1    | Killed Urug
 20695 | Orc:1    | Enslaved Urug
 20716 | Orc:1    | Received a gift from Yredelemnul (a vampire knight)
 20770 | Orc:1    | Found a frozen archway.
 20792 | IceCv    | Entered an ice cave
 20804 | IceCv    | Received a gift from Yredelemnul (a vampire knight)
 20918 | IceCv    | Received a gift from Yredelemnul (a vampire)
 21566 | IceCv    | Noticed a frost giant
 21578 | IceCv    | Reached skill level 10 in Shields
 21590 | IceCv    | Killed from afar by a frost giant

Skill      XL: |  1  2  3  4  5  6  7  8  9 10 11 12 13 14 |
---------------+-------------------------------------------+-----
Long Blades    | 4 5 7 9 10 11 12 13 14 16 | 16.6
Armour         | 1 2 3 5 6 7 9 10 | 10.9
Dodging        | 4 5 6 7 8 9 10 | 10.6
Fighting       | 3 5 6 7 8 9 10 11 | 11.2
Invocations    | 1 2 4 5 6 7 8 9 10 | 10.5
Shields        | 2 4 6 7 9 10 | 10.0
Throwing       | 3 5 6 |  6.0
Evocations     | 2 3 |  3.9

Action                   |  1- 3 |  4- 6 |  7- 9 | 10-12 | 13-15 || total
-------------------------+-------+-------+-------+-------+-------++-------
Melee: Long sword        |    72 |    80 |   244 |       |       ||   396
       Headbutt          |    14 |    16 |    87 |   133 |   193 ||   443
       Scimitar          |       |       |    65 |   461 |   572 ||  1098
       Great sword       |       |       |     4 |       |       ||     4
       Dagger            |       |       |       |    10 |    46 ||    56
 Fire: Blowgun           |       |       |       |       |     1 ||     1
Throw: Javelin           |       |    16 |     2 |     5 |     4 ||    27
Invok: Animate Remains   |       |    11 |     6 |       |       ||    17
       Injury Mirror     |       |       |     1 |       |       ||     1
       Animate Dead      |       |       |    12 |    28 |    68 ||   108
       Enslave Soul      |       |       |       |     1 |     3 ||     4
       Drain Life        |       |       |       |     1 |     3 ||     4
       Recall Undead Sla |       |       |       |       |     1 ||     1
Evoke: Wand              |       |       |       |       |     5 ||     5
  Use: Scroll            |       |    10 |     8 |     8 |     9 ||    35
       Potion            |       |       |       |     2 |     3 ||     5
 Stab: Sleeping          |     1 |     3 |     3 |       |       ||     7
       Distracted        |       |     1 |     2 |     6 |     8 ||    17
       Invisible         |       |       |       |       |     2 ||     2
  Eat: Chunk             |     1 |    10 |    17 |    21 |    19 ||    68
       Royal jelly       |       |       |     1 |     1 |     1 ||     3
       Fruit             |       |       |     1 |     1 |       ||     2
       Meat ration       |       |       |       |     3 |     5 ||     8
Armor: Leather armour    |    21 |    11 |    25 |       |       ||    57
       Plate armour      |       |       |    37 |       |       ||    37
       Chain mail        |       |       |    22 |   143 |   205 ||   370
Dodge: Dodged            |    53 |    78 |   181 |   200 |   371 ||   883
Block: Buckler           |       |       |     4 |   116 |   197 ||   317
       Rpst.: Long sword |    15 |    15 |    38 |       |       ||    68
       Scimitar          |       |       |    10 |    49 |    99 ||   158
